 Dungeon Crawl Stone Soup version 0.29-a0-356-g7bc237e783 (webtiles) character file.

Game seed: 870518448162169338

152 rabbitsville the Skirmisher (level 5, -7/43 HPs)
             Began as a Formicid Chaos Knight on Apr 25, 2022.
             Was a Plaything of Xom.
             Mangled by Grinder (9 damage)
             ... on level 6 of the Dungeon.
             The game lasted 00:14:08 (3988 turns).

rabbitsville the Skirmisher (Formicid Chaos Knight) Turns: 3988, Time: 00:14:09

Health: -7/43      AC:  5    Str: 16 (19) XL:     5   Next: 60%
Magic:  5/5        EV: 11    Int:  8 (13) God:    Xom [....*.]
Gold:   75         SH:  0    Dex:  5 (8)  Spells: 4/4 levels left

rFire   . . .      SeeInvis +   n - +2 whip (vamp)
rCold   . . .      Faith    .   (no shield)
rNeg    . . .      Spirit   .   b - +2 leather armour
rPois   .          Reflect  .   (helmet unavailable)
rElec   .          Harm     .   (no cloak)
rCorr   .          Rampage  .   (no gloves)
Will    .....                   (no boots)
Stlth   ++........              (no amulet)
HPRegen 0.14/turn               (no ring)
MPRegen 0.09/turn               (no ring)

@: mesmerised
A: permanent stasis, dig shafts and tunnels, antennae 3, four strong arms,
hooves 1, camouflage 1, clever 1, clumsy 1, deterioration 1, evolution 1
a: Dig, Shaft Self, Renounce Religion


You were on level 6 of the Dungeon.
You worshipped Xom.
You were a beloved toy of Xom.
You visited 1 branch of the dungeon, and saw 7 of its levels.

You collected 185 gold pieces.
You spent 110 gold pieces at shops.

Inventory:

Hand Weapons
 a - a +0 mace of chaos
 d - a +0 battleaxe
 n - a +2 vampiric whip (weapon)
Armour
 b - a +2 leather armour (worn)
Jewellery
 o - an amulet of faith
Scrolls
 f - 5 scrolls of vulnerability
 i - 2 scrolls of identify
 l - a scroll of enchant weapon
 m - 2 scrolls of teleportation
Potions
 e - a potion of curing
Miscellaneous
 c - a piece from Xom's chessboard (15/15) (quivered)


   Skills:
 + Level 4.6 Fighting
 + Level 4.1 Maces & Flails
 - Level 2.1 Armour
 - Level 0.8 Dodging
 + Level 3.1 Shields


You had 4 spell levels left.
You didn't know any spells.
Your spell library contained the following spells:

 Spells                   Type           Power      Damage    Failure   Level
 Apportation              Tloc           0%         N/A       47%         1
 Summon Small Mammal      Summ           0%         N/A       47%         1
 Call Canine Familiar     Summ           0%         N/A       85%         3
 Summon Guardian Golem    Hex/Summ       0%         N/A       85%         3
 Alistair's Intoxication  Tmut/Pois      0%         N/A       100%        5


Dungeon Overview and Level Annotations

Branches:
Dungeon (7/15)
 Temple: D:4-7

Altars:
Beogh

Shops:
D:1 (   D:4 !

Annotations:
D:3 Robin
D:4 Edmund
D:6 Grinder, Maggie


Innate Abilities, Weirdness & Mutations

You cannot be hasted, slowed, berserked, paralysed or teleported.
You can dig through walls and to a lower floor.
You have a pair of large antennae on your head. (SInv)
Your four strong arms can wield two-handed weapons with a shield.
You have large cloven feet.
Your skin changes colour to match your surroundings (Stealth+).
Your mind is acute. (Int +2)
You are clumsy. (Dex -2)
Your body sometimes deteriorates upon taking damage.
You have hidden genetic potential.


Message History

Maggie says, "Did Master Lance send you?"
Grinder barely misses you.
You closely miss Grinder. Your kick misses Grinder.
Grinder is heavily wounded.
Grinder gestures at you.
You struggle to resist.
You hit Grinder.
Grinder is severely wounded.
Grinder gestures at you. You resist with significant effort.
You hit Grinder.
Grinder is severely wounded.
Grinder hits you.
Your body deteriorates!
You feel weakened.
You hit Grinder but do no damage. Your kick misses Grinder.
Grinder is severely wounded.
You hit Grinder. Your kick misses Grinder.
Grinder is almost dead.
Grinder gestures at you. Pain shoots through your body!
* * * LOW HITPOINT WARNING * * *
You feel much better.
Grinder blinks!
Maggie gestures wildly while chanting.
Maggie attempts to bespell you!
You are mesmerised by Maggie!
You hit Maggie but do no damage. You kick Maggie, but do no damage.
Maggie gestures wildly while chanting.
Maggie draws you further into her thrall.
You hit Maggie but do no damage. You kick Maggie, but do no damage.
Maggie says, "Did Master Lance send you?"
Maggie hits you with a +0 broad axe!
Grinder says, "There's only one good use for a tongue: cutting it out."
Grinder hits you but does no damage.
You closely miss Grinder.
Grinder is almost dead.
Maggie hits you with a +0 broad axe!
* * * LOW HITPOINT WARNING * * *
Grinder hits you!
You die...
Xom is highly amused!

##......##..#
........#...###.#
#.. ...#.......#.
##..##............
#................#
#................#
#...?...........#
#.#.5............ #
##@[...>.......
.......@...#####.###
#.......##.# {
...!....#..# {
...........# {
....#..^...# {
....#......# { ...
.).....#


You could see Maggie (mesmerising) and Grinder.

Vanquished Creatures
  4 gnolls (D:3)
  An adder (D:3)
  A white imp (D:5)
  A dart slug (D:1)
  5 orcs
  5 bats
  3 endoplasms
  3 giant cockroaches (D:2)
  20 goblins
  12 hobgoblins
  3 quokkas
  5 ball pythons
  6 frilled lizards
  10 kobolds
  2 rats
81 creatures vanquished.

Vanquished Creatures (collateral kills)
  A goblin (D:3)
  A hobgoblin (D:3)
2 creatures vanquished.

Grand Total: 83 creatures vanquished

Notes
Turn   | Place    | Note
-------+----------+-------------------------------------------
     0 | D:1      | rabbitsville the Formicid Chaos Knight began the quest for
                  | the Orb.
     0 | D:1      | Reached XP level 1. HP: 18/18 MP: 1/1
     2 | D:1      | XOM: potion effect (curing)
     8 | D:1      | XOM: divination: detect creatures
    29 | D:1      | Reached XP level 2. HP: 17/24 MP: 2/2
    34 | D:1      | Reached skill level 1 in Shields
   343 | D:1      | XOM: torment (12/24 hp)
   382 | D:1      | XOM: give mutations
   382 | D:1      | Gained mutation: Your body sometimes deteriorates upon
                  | taking damage. [Xom's mischief]
   382 | D:1      | Gained mutation: You are clumsy. (Dex -2) [Xom's mischief]
   382 | D:1      | Gained mutation: You have large cloven feet. [Xom's
                  | mischief]
   632 | D:1      | Reached XP level 3. HP: 30/30 MP: 3/3
   714 | D:1      | Found Sakocitz's Weapon Boutique.
   750 | D:1      | XOM: summons 2 hostile demons
  1371 | D:2      | XOM: noise
  1841 | D:2      | XOM: give mutation
  1841 | D:2      | Gained mutation: Your mind is acute. (Int +2) [Xom's grace]
  1879 | D:2      | Reached XP level 4. HP: 34/37 MP: 4/4
  1902 | D:2      | Found a faded altar of an unknown god.
  2027 | D:2      | XOM: summons 2 hostile shadow creatures
  2069 | D:2      | XOM: noise
  2519 | D:3      | XOM: give mutation
  2519 | D:3      | Gained mutation: You have hidden genetic potential. [Xom's
                  | grace]
  2520 | D:3      | XOM: smoke on damage
  2551 | D:3      | XOM: god gift: scroll labelled YHEFEY YCOFUW {god gift}
  2953 | D:3      | Reached XP level 5. HP: 41/43 MP: 5/5
  3036 | D:3      | Gained mutation: Your skin changes colour to match your
                  | surroundings (Stealth+). [hidden potential]
  3050 | D:3      | XOM: divination: detect items
  3336 | D:3      | Noticed Robin
  3454 | D:4      | Found Vynoan's Distillery.
  3459 | D:4      | Bought a potion of curing for 30 gold pieces
  3459 | D:4      | Bought a potion of heal wounds for 50 gold pieces
  3459 | D:4      | Bought a potion of curing for 30 gold pieces
  3478 | D:4      | Noticed Edmund
  3481 | D:4      | XOM: smoke on damage
  3484 | D:4      | Noticed Edmund
  3484 | D:4      | Edmund changed into Edmund the tengu
  3484 | D:4      | XOM: polymorph Edmund -> Edmund the tengu
  3493 | D:4      | XOM: scenery: 4 doors close
  3495 | D:5      | Entered Level 5 of the Dungeon
  3781 | D:5      | Noticed a yak
  3781 | D:5      | Noticed a yak
  3781 | D:5      | Noticed a yak
  3785 | D:5      | XOM: destruction
  3790 | D:5      | You fall into a shaft and drop 2 floors!
  3963 | D:6      | Noticed Grinder
  3966 | D:6      | Noticed Maggie
  3988 | D:6      | HP: 2/43 [Maggie/+0 broad axe (14)]
  3988 | D:6      | Mangled by Grinder

Illustrated notes

Levels and vault maps discovered:
D:1:      scummos_arrival_simple_crosswalls, layout_loops_ring, serial_shops,
          shop_fountains
D:2:      kennysheep_six_static_rooms, layout_loops_cross,
          hellmonk_ecumenical_altar_defaced_shrine, minmay_fountain_box
D:3:      minmay_goblin_kobold_castle, layout_loops_corners, uniq_robin
D:4:      layout_basic, fiery_altar_vehumet,
          nicolae_ru_great_annihilating_truth, serial_shops,
          nicolae_diamond_shop, shop, kennysheep_little_box,
          nicolae_shop_statue_plus, nicolae_shop_hallway_stairs,
          nicolae_shop_gadgets, uniq_edmund, uniq_duvessa
D:5:      lemuel_ice_spiral_2, layout_basic, mainiacjoe_overflow_boulevard,
          chequers_garden, minmay_starry_boxes, uniq_menkaure
D:6:      layout_cave_pools, mainiacjoe_overflow_catwalk,
          nicolae_ossuary_entry_false_entrances, serial_bayou_pond_d,
          serial_park_tiny_2, dk_rats_in_the_wall, uniq_grinder, uniq_pikel,
          uniq_crazy_yiuf_cottage, uniq_maggie
D:7:      layout_rooms, old_standard_altar, grunt_temple_overflow_cloverleaf,
          minmay_temple_entry_fiery, minmay_joined_circles, uniq_prince_ribbit1

Skill      XL: |  1  2  3  4  5 |
---------------+----------------+-----
Shields        | 1 2 3 |  3.1
Fighting       | 4 |  4.6
Maces & Flails | 4 |  4.1
Armour         | |  2.1
Dodging        | |  0.8

Action                   |  1- 3 |  4- 6 || total
-------------------------+-------+-------++-------
Melee: Mace              |    99 |       ||    99
       Kick              |    13 |    33 ||    46
       Whip              |       |   164 ||   164
 Abil: Shaft Self        |       |     1 ||     1
  Use: Scroll            |       |     5 ||     5
       Potion            |       |     7 ||     7
Armor: Leather armour    |    50 |    52 ||   102
       Skin              |       |    91 ||    91
Dodge: Dodged            |    84 |   101 ||   185

Table legend: (Time is in decaauts)
 A = Elapsed time spent in this place.
 B = Non-inter-level travel time spent in this place.
 C = Inter-level travel time spent in this place.
 D = Time resting spent in this place.
 E = Time spent auto-exploring this place.
 F = Levels seen in this place.
 G = Mean time per level.
                   A        B        C        D        E       F      G
               +--------+--------+--------+--------+--------+-----+--------+
         Total |   4008 |   3900 |    108 |    918 |   1943 |   7 |  572.6 |
       Dungeon |   4008 |   3900 |    108 |    918 |   1943 |   7 |  572.6 |
               +--------+--------+--------+--------+--------+-----+--------+

Top non-repeatable levels by time:
     D:3: 1195 daAuts
     D:2: 1131 daAuts
     D:1: 1054 daAuts
     D:5: 293 daAuts
     D:7: 153 daAuts
     D:4: 136 daAuts
     D:6: 42 daAuts
